 Dungeon Crawl Stone Soup version 0.32-a0-350-g4f4d228785 (webtiles) character file.

Game seed: 15828988463877915149

107 Goblin1989 the Sneak (level 4, -2/35 HPs)
             Began as a Demonspawn Delver on Feb 18, 2024.
             Slain by an iguana (6 damage)
             ... on level 3 of the Dungeon.
             The game lasted 00:05:24 (2038 turns).

Goblin1989 the Sneak (Demonspawn Delver)            Turns: 2038, Time: 00:05:24

Health: -2/35      AC: 13    Str: 15    XL:     4   Next: 56%
Magic:  4/4        EV:  9    Int: 10    God:
Gold:   195        SH:  0    Dex: 14    Spells: 3/3 levels left

rFire   . . .        j - +0 whip
rCold   . . .        (no shield)
rNeg    . . .        s - +0 scale mail
rPois   .            (no helmet)
rElec   .            (no cloak)
rCorr   .            i - +0 pair of gloves
SInv    .            (no boots)
Will    .....        (no amulet)
Stlth   +            t - +4 ring of protection
HPRegen 0.25/turn    (no ring)
MPRegen 0.09/turn

%: no passive effects
@: no status effects
A: thin metallic scales 1
a: no special abilities


You were on level 3 of the Dungeon.
You visited 1 branch of the dungeon, and saw 5 of its levels.

You collected 195 gold pieces.

Inventory:

Hand Weapons
 a - a +0 mace
 j - a +0 whip (weapon)
 p - a +2 dagger of venom
Missiles
 h - 10 poisoned darts (quivered)
Armour
 b - a +0 leather armour
 i - a +0 pair of gloves (worn)
 s - a +0 scale mail (worn)
Jewellery
 t - a +4 ring of protection (left hand)
Wands
 g - a wand of digging (3) {@v3}
Scrolls
 c - 2 scrolls of fog
 d - a scroll of revelation
 e - 2 scrolls of fear
 l - 5 scrolls of identify {unknown}
 r - a scroll of butterflies {unknown}
Potions
 f - 2 potions of haste {@q3,}
 k - a potion of brilliance {unknown}
 m - a potion of heal wounds {unknown}
 n - 2 potions of attraction {unknown}
 o - 2 potions of lignification {unknown}
 q - a potion of resistance {unknown}
 u - 2 potions of curing {unknown}


   Skills:
 + Level 3.0 Fighting
 * Level 4.2 Maces & Flails
 + Level 0.2 Armour
 + Level 1.9 Dodging
 - Level 4.5 Stealth


You had 3 spell levels left.
You didn't know any spells.
Your spell library contained the following spells:

 Spells                   Type           Power      Damage    Failure   Level
 Jinxbite                 Hex            0%         N/A       93%         2
 Static Discharge         Conj/Air       0%         3-3/arc   93%         2
 Airstrike                Air            0%         2d(0-16)  100%        4
 Summon Lightning Spire   Summ/Air       0%         N/A       100%        4
 Yara's Violent Unravell  Hex/Alch       0%         3d3       100%        5
 Enfeeble                 Hex            0%         N/A       100%        7


Dungeon Overview and Level Annotations

Branches:
Dungeon (5/15) Zot: 25550
 Temple: D:4-7

Altars:

Shops:
D:1 [


Innate Abilities, Weirdness & Mutations

You are partially covered in thin metallic scales. (AC +2)


Message History

The iguana bites you but does no damage.
You hit the iguana.
The iguana is moderately wounded.
You barely miss the iguana.
The iguana is moderately wounded.
The iguana closely misses you.
You hit the iguana but do no damage.
The iguana is moderately wounded.
The iguana bites you.
You take 1 damage, and have 31/35 hp.
You hit the iguana but do no damage.
The iguana is moderately wounded.
The iguana bites you but does no damage.
You barely miss the iguana.
The iguana is moderately wounded.
The iguana bites you!
You take 9 damage, and have 22/35 hp.
MASSIVE DAMAGE!!
You barely miss the iguana.
The iguana is moderately wounded.
The iguana barely misses you.
You hit the iguana but do no damage.
The iguana is moderately wounded.
The iguana bites you.
You take 2 damage, and have 20/35 hp.
You are too injured to fight recklessly!
You are too injured to fight recklessly!
You are too injured to fight recklessly!
You are too injured to fight recklessly!
You are too injured to fight recklessly!
An iguana is nearby!
You hit the iguana but do no damage.
The iguana is moderately wounded.
The iguana bites you.
* * * LOW HITPOINT WARNING * * *
You take 5 damage, and have 15/35 hp.
You closely miss the iguana.
The iguana is moderately wounded.
The iguana bites you but does no damage.
You hit the iguana but do no damage.
The iguana is moderately wounded.
The iguana bites you.
* * * LOW HITPOINT WARNING * * *
You take 1 damage, and have 14/35 hp.
You hit the iguana.
The iguana is heavily wounded.
You hit the iguana.
The iguana is severely wounded.
The iguana hisses menacingly.
The iguana bites you.
* * * LOW HITPOINT WARNING * * *
You take 1 damage, and have 13/35 hp.
You hit the iguana but do no damage.
The iguana is severely wounded.
The iguana bites you.
* * * LOW HITPOINT WARNING * * *
You take 1 damage, and have 12/35 hp.
You closely miss the iguana.
The iguana is severely wounded.
The iguana bites you.
* * * LOW HITPOINT WARNING * * *
You take 2 damage, and have 10/35 hp.
You hit the iguana.
The iguana is severely wounded.
The iguana bites you.
* * * LOW HITPOINT WARNING * * *
You take 4 damage, and have 6/35 hp.
You barely miss the iguana.
The iguana is severely wounded.
The iguana barely misses you.
You completely miss the iguana.
The iguana is severely wounded.
The iguana bites you.
* * * LOW HITPOINT WARNING * * *
You take 2 damage, and have 4/35 hp.
You hit the iguana but do no damage.
The iguana is severely wounded.
The iguana barely misses you.
You closely miss the iguana.
The iguana is severely wounded.
The iguana closely misses you.
You barely miss the iguana.
The iguana is severely wounded.
You barely miss the iguana.
The iguana is severely wounded.
The iguana bites you but does no damage.
You hit the iguana but do no damage.
The iguana is severely wounded.
The iguana bites you.
* * * LOW HITPOINT WARNING * * *
You take 2 damage, and have 3/35 hp.
You hit the iguana.
The iguana is severely wounded.
The iguana bites you but does no damage.
You barely miss the iguana.
The iguana is severely wounded.
The iguana closely misses you.
You hit the iguana but do no damage.
The iguana is severely wounded.
The iguana bites you.
You die... █████

. ....
█.████..█
█......l███
.......@..█
█████...███
███.█.███
█.......█
█...███.████
█.██ █....█
. █.██.█
█.██.█
███████.█


You could see an iguana.

Vanquished Creatures
  An adder (D:2)
  A dart slug (D:2)
  A ribbon worm (D:2)
  3 endoplasms
  4 goblins
  6 hobgoblins
  3 jackals (D:2)
  3 quokkas
  9 ball pythons
  6 bats
  A frilled lizard (D:1)
  8 kobolds
  8 rats
54 creatures vanquished.

Notes
Turn   | Place    | Note
-------+----------+-------------------------------------------
     0 | D:5      | Goblin1989 the Demonspawn Delver began the quest for the
                  | Orb.
     0 | D:5      | Reached XP level 1. HP: 18/18 MP: 1/1
   185 | D:3      | Gained mutation: You are partially covered in thin metallic
                  | scales. (AC +2) [demonic ancestry]
   185 | D:3      | Reached XP level 2. HP: 24/24 MP: 2/2
   390 | D:2      | Reached XP level 3. HP: 29/29 MP: 3/3
   899 | D:1      | Found Kisimat's Antique Armour Shop.
  1088 | D:1      | Reached XP level 4. HP: 35/35 MP: 4/4
  2038 | D:3      | Slain by an iguana

Illustrated notes

Levels and vault maps discovered:
D:1:      ldierk_walled_garden_2, layout_rooms, serial_shops,
          nicolae_shop_rolling_square, skrybe_limestone_x
D:2:      layout_loops_corners
D:3:      layout_basic, cheibrodos_sewer_entry_drain, uniq_robin, uniq_terence,
          uniq_jessica
D:4:      layout_basic, nicolae_shop_clearance
D:5:      layout_gridville, nicolae_wu_jian_wuxing_cycle, nicolae_letterblocks
          [nicolae_letter_subblock, nicolae_letter_subblock,
          nicolae_letter_subblock, nicolae_letter_subblock,
          nicolae_letter_subblock, nicolae_letter_subblock,
          nicolae_letter_subblock, nicolae_letter_subblock,
          nicolae_letter_subblock, nicolae_letter_subblock,
          nicolae_letter_subblock, nicolae_letter_subblock,
          nicolae_letter_subblock, nicolae_letter_subblock,
          nicolae_letter_subblock, nicolae_letter_subblock,
          nicolae_letter_subblock, nicolae_letter_subblock,
          nicolae_letter_subblock, nicolae_letter_subblock,
          nicolae_letter_subblock, nicolae_letter_subblock,
          nicolae_letter_subblock, nicolae_letter_subblock,
          nicolae_letter_subblock]

Skill      XL: |  1  2  3  4 |
---------------+-------------+-----
Maces & Flails | 2 3 4 |  4.2
Fighting       | |  3.0
Armour         | |  0.2
Dodging        | |  1.9
Stealth        | |  4.5

Action                     |  1- 3 |  4- 6 || total
---------------------------+-------+-------++-------
  Melee: Whip              |   121 |    93 ||   214
         Mace              |    10 |       ||    10
   Stab: Sleeping          |     3 |     2 ||     5
 Armour: Leather armour    |    77 |    15 ||    92
         Scale mail        |       |    37 ||    37
  Dodge: Dodged            |    89 |    29 ||   118

Table legend: (Time is in decaauts)
 A = Elapsed time spent in this place.
 B = Non-inter-level travel time spent in this place.
 C = Inter-level travel time spent in this place.
 D = Time resting spent in this place.
 E = Time spent auto-exploring this place.
 F = Levels seen in this place.
 G = Mean time per level.
                   A        B        C        D        E       F      G
               +--------+--------+--------+--------+--------+-----+--------+
         Total |   2027 |   1982 |     45 |     51 |   1250 |   5 |  405.4 |
       Dungeon |   2027 |   1982 |     45 |     51 |   1250 |   5 |  405.4 |
               +--------+--------+--------+--------+--------+-----+--------+

Top non-repeatable levels by time:
     D:2: 895 daAuts
     D:1: 769 daAuts
     D:3: 201 daAuts
     D:5: 133 daAuts
     D:4: 28 daAuts
